Map: [ESL] Radhuset Station

Players

SKillous - Winner!

  • Race: Protoss Protoss
  • League: Grandmaster
  • Spawn Location: 7:00

HeroMarine

  • Race: Terran Terran
  • Spawn Location: 1:00

Event: HomeStory Cup XXIV

VOD

Have the link to the VOD?

Description

Time

  • Played on: Dec. 3, 2023, 1:35 p.m.
  • Length: 17:50

All games in this series

Show
View Real Time Build Order
Export as new Build Order

SKillous Protoss - Winner!

Build Orders: 1 Gate Expand, Oracle Opening, Blink Stalkers 

Get SALT Encoding   

  12  0:00  Probe  
  13  0:12  Probe  
  14  0:18  Pylon  
  14  0:24  Probe  
  15  0:36  Probe (Chrono Boost)  
  15  0:41  Gateway  
  16  0:46  Probe (Chrono Boost)  
  16  0:48  Assimilator  
  17  0:51  Probe (Chrono Boost)  
  18  1:03  Probe  
  19  1:15  Probe  
  20  1:25  Nexus  
  20  1:36  Cybernetics Core  
  20  1:38  Probe  
  21  1:44  Assimilator  
  20  1:50  Probe  
  20  1:53  Pylon  
  21  2:02  Probe  
  22  2:09  Adept (Chrono Boost)  
  22  2:14  Probe  
  25  2:21  Stargate  
  25  2:27  Probe  
  26  2:31  Warp Gate  
  26  2:39  Adept, Probe (Chrono Boost)  
  26  2:40  Probe (Chrono Boost)  
  30  2:50  Probe x2 (Chrono Boost)  
  32  2:54  Probe (Chrono Boost)  
  32  2:55  Probe (Chrono Boost)  
  34  3:05  Probe  
  37  3:06  Probe  
  37  3:08  Oracle (Chrono Boost)  
  39  3:17  Probe  
  39  3:18  Probe  
  41  3:21  Twilight Council  
  41  3:29  Pylon, Probe  
  41  3:30  Probe  
  43  3:41  Probe  
  43  3:42  Probe  
  45  3:53  Probe  
  45  3:54  Blink (Chrono Boost), Probe  
  47  3:58  Gateway  
  47  3:59  Gateway  
  47  4:05  Probe  
  47  4:07  Probe  
  49  4:18  Probe  
  49  4:19  Probe  
  49  4:22  Nexus  
  49  4:23  Pylon  
  49  4:24  Sentry  
  51  4:28  Assimilator, Pylon  
  51  4:31  Assimilator, Probe (Chrono Boost)  
  53  4:34  Probe (Chrono Boost)  
  53  4:41  Probe (Chrono Boost)  
  53  4:44  Probe (Chrono Boost)  
  55  4:46  Probe (Chrono Boost)  
  55  4:48  Stalker  
  55  4:51  Shield Battery  
  58  4:53  Stalker  
  58  4:54  Stalker, Probe  
  58  4:58  Probe, Pylon  
  64  5:06  Probe  
  65  5:10  Probe  
  65  5:11  Stalker  
  68  5:18  Probe  
  69  5:21  Nexus  
  69  5:22  Pylon, Probe  
  69  5:25  Sentry  
  72  5:30  Probe  
  72  5:33  Robotics Facility  
  72  5:35  Probe  
  74  5:38  Stalker  
  74  5:40  Probe  
  74  5:42  Probe  
  78  5:43  Stalker  
  78  5:47  Probe  
  81  5:54  Stalker  
  81  5:59  Probe x2  
  81  6:00  Probe  
  81  6:02  Charge  
  84  6:06  Pylon  
  84  6:10  Forge  
  84  6:11  Probe x2  
  84  6:12  Probe, Forge  
  84  6:17  Pylon  
  87  6:19  Pylon  
  87  6:22  Robotics Bay  
  87  6:23  Robotics Facility, Probe  
  87  6:24  Probe x2  
  91  6:26  Observer (Chrono Boost)  
  91  6:34  Probe  
  91  6:35  Zealot x3  
  91  6:36  Probe x3  
  91  6:38  Warp Prism (Chrono Boost)  
  104  6:48  Probe x2  
  104  6:52  Probe  
  107  6:58  Shield Battery  
  106  7:02  Gateway x2  
  106  7:03  Pylon  
  106  7:04  Sentry, Gateway, Protoss Ground Armor Level 1 (Chrono Boost), Protoss Ground Weapons Level 1 (Chrono Boost)  
  106  7:05  Zealot x2, Gateway  
  106  7:06  Pylon  
  112  7:08  Observer  
  112  7:13  Colossus (Chrono Boost)  
  124  7:25  Colossus (Chrono Boost)  
  124  7:27  Shield Battery, Stalker  
  124  7:29  Pylon  
  126  7:32  Photon Cannon  
  126  7:34  Stalker x2  
  128  7:42  Photon Cannon, Probe  
  129  7:47  Shield Battery  
  129  7:49  Pylon  
  129  7:51  Gateway, Probe  
  130  7:52  Gateway  
  130  7:54  Extended Thermal Lance  
  130  7:56  Gateway  
  130  7:57  Pylon  
  130  8:03  Stalker  
  130  8:04  Colossus (Chrono Boost)  
  138  8:10  Zealot  
  138  8:12  Zealot x3  
  146  8:13  Zealot  
  146  8:15  Colossus (Chrono Boost)  
  154  8:20  Zealot  
  154  8:26  Zealot  
  156  8:29  Pylon  
  156  8:31  Pylon  
  156  8:33  Zealot x4  
  160  8:34  Zealot  
  150  8:45  Nexus  
  150  8:47  Pylon  
  150  8:50  Observer  
  150  8:53  Warp Prism  
  150  8:54  Zealot  
  150  8:55  Zealot x8  
  168  8:56  Zealot  
  170  9:09  Probe  
  166  9:10  Probe  
  166  9:13  Photon Cannon  
  166  9:14  Protoss Ground Armor Level 2 (Chrono Boost)  
  166  9:16  Zealot x8  
  170  9:18  Protoss Ground Weapons Level 2 (Chrono Boost)  
  170  9:23  Probe  
  165  9:25  Probe x2  
  165  9:26  Probe  
  156  9:35  Probe  
  155  9:40  Zealot x5, Stalker  
  155  9:41  Zealot x2  
  155  9:42  Disruptor (Chrono Boost)  
  155  9:44  Disruptor (Chrono Boost)  
  173  9:52  Shield Battery  
  177  9:55  Shield Battery  
  173  10:07  Zealot x9  
  173  10:11  Dark Shrine  
  173  10:12  Disruptor  
  195  10:18  Immortal  
  199  10:36  Nexus  
  199  10:38  Pylon  
  199  10:50  Pylon  
  199  10:51  Gateway  
  199  10:53  Gateway  
  199  10:54  Gateway  
  198  10:57  Gateway  
  198  10:59  Observer  
  193  11:22  Warp Prism (Chrono Boost)  
  193  11:25  Protoss Ground Armor Level 3 (Chrono Boost), Protoss Ground Weapons Level 3 (Chrono Boost)  
  154  11:41  Zealot x5  
  154  11:42  Zealot x5  
  172  11:50  Photon Cannon  
  176  11:57  Immortal (Chrono Boost)  
  176  11:59  Zealot x4  
  174  12:08  Zealot x10  
  186  12:11  Photon Cannon  
  186  12:13  Shield Battery  
  183  12:18  Warp Prism  
  179  12:24  Stalker x4  
  187  12:30  Zealot x6  
  187  12:34  Photon Cannon  
  194  13:00  Gravitic Drive (Chrono Boost)  
  194  13:04  Nexus, Observer x2  
  194  13:10  Pylon  
  182  13:22  Zealot x14  
  182  13:23  Disruptor x2 (Chrono Boost)  
  162  13:39  Robotics Facility  
  162  13:41  Robotics Facility  
  162  13:48  Sentry, Zealot x6  
  162  13:49  Zealot x7  
  162  13:53  Colossus (Chrono Boost)  
  195  14:02  Colossus (Chrono Boost)  
  199  14:08  Nexus  
  191  14:10  Pylon  
  179  14:17  Zealot x8  
  179  14:18  Zealot x2, Protoss Shields Level 1 (Chrono Boost)  
  179  14:20  Stalker  
  199  14:27  Pylon  
  173  14:38  Immortal (Chrono Boost)  
  173  14:39  Immortal x2 (Chrono Boost)  
  176  14:48  Zealot x14  
  200  15:01  Photon Cannon  
  200  15:02  Photon Cannon  
  200  15:04  Photon Cannon  
  200  15:07  Assimilator, Shield Battery  
  200  15:08  Assimilator  
  200  15:09  Assimilator  
  200  15:10  Shield Battery  
  200  15:11  Assimilator  
  200  15:12  Pylon  
  200  15:20  Nexus  
  198  15:21  Warp Prism (Chrono Boost)  
  198  15:24  Pylon  
  187  15:36  Stalker x3  
  187  15:37  Zealot x3  
  197  15:46  Nexus  
  197  15:48  Warp Prism (Chrono Boost)  
  199  15:54  Warp Prism (Chrono Boost), Pylon  
  197  15:59  Gravitic Boosters (Chrono Boost)  
  183  16:11  Stalker x5  
  183  16:12  Zealot x3, Stalker  
  183  16:17  Zealot x4  
  187  16:34  Observer  
  187  16:37  Dark Templar x3  
  187  16:38  Dark Templar x3, Zealot x8  
  187  16:42  Immortal (Chrono Boost)  
  187  16:46  Immortal (Chrono Boost)  
  157  17:06  Stalker x7  
  157  17:07  Zealot  
  171  17:11  Zealot x5  
  171  17:12  Zealot x2  
  180  17:29  Zealot x2  
  160  17:30  Zealot x5  
  160  17:32  Zealot  
  160  17:33  Zealot  
Show
View Real Time Build Order
Export as new Build Order

HeroMarine Terran 

Build Orders: Reaper Expand 

Get SALT Encoding   

  12  0:00  SCV  
  13  0:12  SCV  
  14  0:17  Supply Depot  
  14  0:24  SCV  
  15  0:38  SCV  
  15  0:39  Barracks  
  16  0:44  Refinery  
  16  0:50  SCV  
  17  1:03  SCV  
  18  1:15  SCV  
  19  1:26  Reaper  
  19  1:27  Orbital Command  
  20  1:44  Command Center  
  20  1:49  Supply Depot  
  20  1:52  SCV  
  21  1:59  Barracks Reactor  
  21  2:04  SCV  
  22  2:16  SCV  
  22  2:22  Command Center  
  23  2:28  SCV  
  24  2:34  Barracks  
  24  2:40  Marine x2  
  24  2:42  SCV  
  27  2:55  SCV  
  27  2:57  Barracks  
  27  2:58  Marine x2  
  28  3:05  Orbital Command  
  30  3:07  SCV  
  30  3:16  Marine x2  
  30  3:19  SCV  
  33  3:21  Barracks Tech Lab  
  33  3:31  SCV x2  
  33  3:34  Marine x2  
  35  3:38  Orbital Command  
  37  3:42  Stimpack, Marine  
  37  3:43  SCV x2  
  37  3:45  Barracks Tech Lab  
  40  3:52  Marine x2  
  40  3:55  SCV x2  
  42  4:00  Marine  
  42  4:07  SCV x2, Marine  
  42  4:09  Marine  
  42  4:13  SCV  
  42  4:14  Combat Shield  
  42  4:15  Marine  
  44  4:18  Marine  
  44  4:19  SCV x2  
  47  4:24  Marine  
  47  4:25  SCV  
  47  4:27  Marine  
  50  4:31  SCV  
  50  4:32  SCV  
  50  4:36  Refinery  
  50  4:37  Factory, SCV  
  50  4:38  Engineering Bay  
  53  4:41  Supply Depot  
  53  4:42  Marine x2  
  53  4:43  SCV  
  53  4:44  SCV  
  57  4:48  Marine, Refinery  
  57  4:49  Marine, SCV  
  60  4:55  SCV  
  61  5:01  Supply Depot  
  61  5:02  SCV x2, Marine x2  
  61  5:07  Terran Infantry Weapons Level 1, Missile Turret  
  65  5:08  Marine x2  
  65  5:11  SCV  
  68  5:14  SCV  
  68  5:18  Missile Turret  
  68  5:21  Barracks x2  
  69  5:24  Orbital Command, Starport  
  69  5:25  Factory Reactor  
  69  5:27  SCV  
  69  5:28  Supply Depot, SCV  
  71  5:31  Marine  
  71  5:32  Marine  
  73  5:35  Marine  
  73  5:37  Marine  
  73  5:40  SCV x2  
  73  5:42  Refinery  
  77  5:52  Missile Turret, SCV x2  
  77  5:53  SCV  
  77  5:54  Marine x2, Marauder  
  81  5:59  Concussive Shells  
  81  6:00  Marauder  
  84  6:07  Factory Reactor, Supply Depot  
  84  6:09  Medivac, Supply Depot  
  84  6:10  Medivac  
  86  6:12  SCV x2  
  86  6:13  SCV  
  86  6:15  Supply Depot  
  86  6:16  Barracks Reactor, Barracks Tech Lab, Marine  
  86  6:17  Marine  
  91  6:23  Marauder  
  93  6:29  SCV x3  
  94  6:35  Supply Depot  
  94  6:36  Supply Depot  
  94  6:38  Marauder x2  
  94  6:39  Medivac  
  100  6:40  Medivac  
  100  6:41  SCV, Marine x2  
  100  6:43  SCV  
  100  6:44  SCV  
  107  6:48  Supply Depot  
  107  6:51  Marauder  
  107  6:53  SCV  
  110  6:57  SCV x2  
  110  6:59  Marauder  
  110  7:00  Refinery  
  110  7:01  Terran Infantry Armor Level 1, Marauder  
  116  7:02  Refinery  
  116  7:03  Marine x2  
  116  7:05  SCV, Marine x2  
  116  7:08  Supply Depot  
  121  7:09  SCV x2  
  121  7:12  Armory  
  121  7:13  Engineering Bay  
  123  7:17  Medivac  
  123  7:21  Medivac  
  127  7:26  Marauder x2  
  127  7:28  Marauder  
  127  7:29  Widow Mine, Marine x4  
  138  7:32  Widow Mine  
  138  7:34  SCV x2  
  138  7:35  SCV  
  142  7:47  Supply Depot, Marauder x2  
  142  7:49  Marauder  
  142  7:50  Command Center  
  148  7:54  Supply Depot  
  148  8:00  Terran Infantry Weapons Level 2  
  148  8:03  Supply Depot  
  148  8:05  Ghost Academy  
  148  8:07  Marine  
  148  8:08  Supply Depot  
  148  8:09  Widow Mine x2, Medivac, Marine x2  
  157  8:15  Marauder x2, Medivac, Marine  
  157  8:17  Supply Depot  
  164  8:25  Marine, Marauder  
  164  8:27  Marine  
  167  8:31  Widow Mine x2  
  170  8:37  Marine, Marauder x2  
  156  8:42  Viking  
  156  8:45  Viking  
  156  8:46  Marauder, Marine x3  
  164  8:52  Widow Mine x2  
  164  8:55  Marine  
  166  8:57  SCV  
  166  8:58  Marauder x2, SCV  
  166  8:59  SCV  
  173  9:04  Starport  
  173  9:05  Marine x2  
  173  9:08  Marauder  
  174  9:13  Viking  
  174  9:15  Viking  
  174  9:18  Marine x2  
  174  9:20  Marauder x2  
  179  9:27  Marine x2  
  179  9:29  Marauder  
  179  9:30  SCV  
  163  9:33  SCV x2  
  163  9:36  Terran Infantry Armor Level 2  
  163  9:41  Marauder x2  
  163  9:42  SCV  
  163  9:45  Viking, SCV x2  
  172  9:47  Viking  
  174  9:55  SCV  
  174  9:57  SCV x2  
  176  10:01  Viking  
  176  10:02  Viking, Ghost x2  
  176  10:03  Sensor Tower  
  176  10:06  Ghost  
  185  10:07  SCV  
  185  10:08  Supply Depot  
  185  10:09  SCV x2  
  185  10:11  Marine  
  188  10:24  Barracks x2  
  188  10:25  Planetary Fortress  
  188  10:26  Barracks  
  188  10:29  SCV x2, Marine x2, Refinery  
  188  10:31  Refinery  
  191  10:36  Ghost x2  
  191  10:37  Missile Turret x2  
  187  10:44  Ghost  
  187  10:48  Viking  
  191  10:53  Viking  
  191  10:55  Command Center  
  191  10:57  Viking, Missile Turret  
  193  11:01  Marine  
  196  11:07  Marine x3  
  196  11:10  Viking, Marauder  
  189  11:13  Marine x2  
  189  11:18  Viking, Marauder  
  193  11:23  Terran Infantry Weapons Level 3  
  177  11:37  Marine, Marauder  
  177  11:39  Marauder  
  176  11:45  Barracks Reactor, Barracks Tech Lab x2, Marauder  
  176  11:51  Viking x2  
  180  11:58  Marauder  
  180  12:00  Ghost, Marine  
  181  12:02  Marine x3  
  181  12:04  Marauder  
  181  12:05  Ghost  
  181  12:07  Marine  
  189  12:09  Orbital Command  
  189  12:11  Command Center  
  181  12:17  Marine  
  181  12:20  Marauder, Marine x3  
  168  12:23  Viking x3  
  168  12:24  Viking  
  168  12:25  Marauder x2, Marine x2  
  168  12:29  Marine  
  180  12:34  Marine  
  180  12:35  Marine  
  180  12:37  Marine  
  180  12:38  Marine  
  180  12:41  Marauder  
  180  12:43  Terran Ship Weapons Level 1  
  184  12:46  Marauder  
  186  12:53  Viking  
  186  12:55  Viking  
  186  12:56  Viking x2, Fusion Core  
  193  13:01  Ghost  
  193  13:07  Ghost  
  193  13:10  Marine x2, Marauder x2  
  198  13:19  Marauder  
  182  13:21  Marine x2  
  166  13:30  Marauder  
  166  13:31  Marauder x2  
  172  13:35  Medivac  
  172  13:36  Medivac x3  
  172  13:37  Marauder  
  182  13:44  Ghost  
  182  13:45  Marine x2  
  182  13:48  Marine x2  
  188  13:51  Missile Turret  
  188  13:52  Marauder  
  188  13:53  Missile Turret  
  190  13:58  Marauder, Marine x2  
  190  14:00  Marine x2  
  196  14:03  Marine  
  187  14:11  Marine  
  187  14:13  Marauder  
  187  14:15  Marine  
  185  14:17  Ghost  
  185  14:18  Marine, Marauder  
  185  14:21  Planetary Fortress  
  185  14:22  Liberator  
  191  14:26  Advanced Ballistics  
  191  14:30  Liberator  
  175  14:46  Ghost x2  
  175  14:47  Ghost x2  
  175  14:48  Marine x2  
  183  14:54  Command Center, Marine x2  
  183  14:55  Marine x3  
  188  15:04  Sensor Tower  
  188  15:11  Liberator  
  188  15:13  Ghost, Marine  
  188  15:14  Ghost, Marine x2  
  195  15:15  Marine x2  
  195  15:21  Marine x2  
  196  15:32  Medivac  
  196  15:37  Marauder x2, Marine x2  
  191  15:47  Ghost  
  191  15:48  Ghost, Marine x2  
  190  15:50  Marine x2  
  190  15:53  Medivac x2  
  190  16:00  Viking  
  190  16:01  Ghost  
  190  16:02  Viking, Ghost  
  180  16:15  Marauder  
  173  16:18  Marine  
  173  16:19  Marauder x2, Marine x3  
  173  16:21  Marine x2  
  173  16:23  Viking x2  
  187  16:29  Ghost  
  187  16:32  Marauder  
  180  16:36  Marine x2  
  180  16:37  Marauder, Marine  
  160  16:40  Marauder x2  
  160  16:42  Marine x2  
  160  16:44  Orbital Command, Marine  
  162  16:49  Medivac x2  
  162  16:53  Medivac x2, Marauder  
  168  16:54  Marine x2  
  168  16:58  Marauder  
  168  16:59  Marauder  
  154  17:10  Ghost x2  
  154  17:11  Marine x2  
  154  17:12  Marine x3  
  154  17:13  SCV  
  154  17:14  SCV  
  166  17:16  SCV, Refinery  
  166  17:17  Refinery  
  166  17:18  SCV  
  166  17:19  Ghost  
  169  17:26  SCV  
  169  17:29  Marine x3  
Tags
 
Add a new tag
Caveats
  • Supply blocks, unpowered buildings, or Contaminate may cause inaccurate times.
  • Supply counts are checked every 10 seconds.